 Dungeon Crawl Stone Soup version 0.24-a0-333-g864f2b5d03 (webtiles) character file.

Game seed: 3278724861690065576

80 HAL9000 the Sneak (level 4, -6/23 HPs)
             Began as a Vine Stalker Assassin on May 17, 2019.
             Mangled by an orc wizard
             ... wielding a +2 dagger of electrocution
              (16 damage)
             ... on level 3 of the Dungeon.
             The game lasted 00:01:45 (1655 turns).

HAL9000 the Sneak (Vine Stalker Assassin)           Turns: 1655, Time: 00:01:46

Health: -6/23      AC:  3    Str: 14    XL:     4   Next: 39%
Magic:  0/5        EV: 12    Int: 11    God:
Gold:   123        SH:  0    Dex: 16    Spells: 3/3 levels left

rFire    . . .     SeeInvis .   a - +2 dagger
rCold    . . .     Gourm    .   (no shield)
rNeg     . . .     Faith    .   b - +0 robe
rPois    .         Spirit   +   (no helmet)
rElec    .         Reflect  .   c - +0 cloak
rCorr    .         Harm     .   (no gloves)
MR       .....                  (no boots)
Stlth    +++.......             (no amulet)
HPRegen  0.47/turn              (no ring)
MPRegen  0.09/turn              (no ring)

@: no status effects
A: fangs 2, regeneration 1, magic shield, antimagic bite, no potion heal 3, rot
immunity
a: no special abilities


You were on level 3 of the Dungeon.
You were hungry.

You visited 1 branch of the dungeon, and saw 3 of its levels.

You collected 123 gold pieces.

Inventory:

Hand Weapons
 a - a +2 dagger (weapon)
Missiles
 d - 54 poisoned darts (quivered)
 e - 2 curare-tipped darts
Armour
 b - a +0 robe (worn)
 c - a +0 cloak (worn)
Jewellery
 p - an uncursed amulet of regeneration {unknown}
Scrolls
 g - 3 scrolls of remove curse {unknown}
 h - a scroll of immolation {unknown}
 i - 2 scrolls of teleportation {unknown}
 m - a scroll of random uselessness {unknown}
Potions
 j - a potion of berserk rage {unknown}
 k - 4 potions of degeneration {unknown}
 l - 2 potions of flight {unknown}
 n - a potion of lignification {unknown}
 o - 2 potions of agility {unknown}
 q - 2 potions of curing {unknown}
 r - a potion of ambrosia {unknown}
Comestibles
 f - 5 rations


   Skills:
 + Level 1.9 Fighting
 + Level 2.3 Short Blades
 + Level 2.1 Throwing
 + Level 1.2 Dodging
 + Level 6.3 Stealth


You had 3 spell levels left.
You didn't know any spells.
Your spell library was empty.

Dungeon Overview and Level Annotations

Branches:
Dungeon (3/15)

Altars:


Innate Abilities, Weirdness & Mutations

You have extremely sharp teeth.
Your natural rate of healing is unusually fast.
When hurt, damage is shared between your health and your magic reserves.
Your bite disrupts and absorbs the magic of your enemies.
Potions cannot restore your health.
You are immune to rotting.


Message History

No target in view!
Unknown command.
Something hits you.
Items here: )) [[ † a +0 club; a +0 scale mail; a +0 club; a +0 scale mail; an orc corpse You miss something.
You bite something. Something hits you.
You hit something. Something hits you.
You hit something but do no damage. You bite something. You drain its magic.
You feel invigorated. Something hits you but does no damage.
You closely miss something.
You hear the slow rusting of a very distant drain.
Something hits you.
You are feeling hungry.
You barely miss something. You bite something.
Something hits you but does no damage.
You hit something. You hit something. Something hits you but does no damage.
You are electrocuted!!
Ouch! That really hurt!
You die...

#### #.. #{#
########@#
#........#+##
#...........#
#...........#
#...........#
#...........#
#######........#+##
#.....'........#
##.####........#


There were no monsters in sight!

Vanquished Creatures
  An adder (D:2)
  A worm (D:2)
  A leopard gecko (D:2)
  2 orcs (D:3)
  2 ball pythons (D:1)
  4 giant cockroaches
  6 goblins
  6 hobgoblins
  6 jackals (D:1)
  2 quokkas (D:2)
  7 bats
  2 frilled lizards (D:1)
  5 kobolds
  19 rats
64 creatures vanquished.

Notes
Turn   | Place    | Note
-------+----------+-------------------------------------------
     0 | D:1      | HAL9000 the Vine Stalker Assassin began the quest for the
                  | Orb.
     0 | D:1      | Reached XP level 1. HP: 11/11 MP: 2/2
     9 | D:1      | Reached skill level 5 in Stealth
    27 | D:1      | Reached XP level 2. HP: 6/15 MP: 3/3
   311 | D:1      | Reached skill level 1 in Dodging
   363 | D:1      | Reached XP level 3. HP: 16/18 MP: 4/4
   972 | D:2      | Reached skill level 6 in Stealth
  1019 | D:2      | Gained mutation: Your natural rate of healing is unusually
                  | fast. [Vine Stalker growth]
  1019 | D:2      | Reached XP level 4. HP: 19/23 MP: 5/5
  1655 | D:3      | Mangled by an orc wizard

Levels and vault maps discovered:
D:1:      erik_arrival_orb_chamber, layout_loops_ring
D:2:      layout_basic, first_ration, chequers_serial_rivers_large_a
D:3:      layout_basic, portal_sewer_entry_e, glass_columns_b,
          kennysheep_flooded_box, kennysheep_generic_room_14

Skill      XL: |  1  2  3  4 |
---------------+-------------+-----
Stealth        | 5 6 |  6.3
Dodging        | 1 |  1.2
Short Blades   | 2 |  2.3
Throwing       | 2 |  2.1
Fighting       | |  1.9

Action                   |  1- 3 |  4- 6 || total
-------------------------+-------+-------++-------
Melee: Dagger            |   101 |    53 ||   154
       Bite              |    16 |    15 ||    31
Throw: Dart              |    10 |     9 ||    19
 Stab: Sleeping          |     8 |     1 ||     9
       Distracted        |       |     1 ||     1
  Eat: Chunk             |       |     2 ||     2
Armor: Robe              |    26 |    14 ||    40
Dodge: Dodged            |    48 |    22 ||    70

Table legend:
 A = Non-vault XP
 B = Vault XP
 C = Vault XP percentage of total XP
 D = Non-vault monster count
 E = Vault monster count
 F = Vault count percentage of total count
                 A         B        C        D         E       F
            +---------+---------+-------+---------+---------+-------
      Total |     103 |      12 |  10.4 |      52 |      12 |  18.8
            +---------+---------+-------+---------+---------+-------
        D:1 |      45 |      12 |  21.1 |      28 |      12 |  30.0
        D:2 |      52 |       0 |   0.0 |      22 |       0 |   0.0
        D:3 |       6 |       0 |   0.0 |       2 |       0 |   0.0
            +---------+---------+-------+---------+---------+-------
